 Dungeon Crawl Stone Soup version 0.20-a0-454-g2b43fbb (webtiles) character file.

1430 HarleyQuinn the Party-goer (level 8, 0/64 HPs)
             Began as a Hill Orc Fighter on Jan 9, 2017.
             Was an Initiate of Uskayaw.
             Slain by Duvessa
             ... wielding a +0 short sword
              (4 damage)
             ... on level 4 of the Dungeon.
             The game lasted 00:06:27 (4658 turns).

HarleyQuinn the Party-goer (Hill Orc Fighter)       Turns: 4658, Time: 00:06:28

Health: 0/64       AC: 10    Str: 21    XL:     8   Next: 73%
Magic:  10/15      EV:  5    Int:  8    God:    Uskayaw [......]
Gold:   123        SH:  9    Dex: 10    Spells: 7/7 levels left

rFire  . . .     SeeInvis .     a - +0 war axe
rCold  . . .     Gourm    .     o - +0 chain mail
rNeg   . . .     Faith    .     c - +0 shield
rPois  .         Spirit   .     (no helmet)
rElec  .         Reflect  .     (no cloak)
rCorr  .         Harm     .     z - +0 pair of gloves
MR     .....                    (no boots)
Stlth  ..........               (no amulet)
                                (no ring)
                                (no ring)

@: no status effects
A: no striking features
a: Renounce Religion


You were on level 4 of the Dungeon.
You worshipped Uskayaw.
Uskayaw was aware of your devotion.
You were not hungry.

You visited 1 branch of the dungeon, and saw 4 of its levels.
You also visited: Sewer.

You collected 123 gold pieces.

Inventory:

Hand Weapons
 a - a +0 war axe (weapon)
Armour
 c - a +0 shield (worn)
 o - a +0 chain mail (worn)
 z - a +0 pair of gloves (worn)
Scrolls
 e - a scroll of enchant weapon {unknown}
 h - 4 scrolls of identify {unknown}
 p - 6 scrolls of teleportation {unknown}
 q - a scroll of magic mapping {unknown}
 t - 2 scrolls of immolation {unknown}
 u - 3 scrolls of amnesia {unknown}
 w - a scroll of fog {unknown}
 y - a scroll of blinking {unknown}
Potions
 g - 2 potions of mutation {unknown}
 i - 4 potions of heal wounds
 j - a potion of resistance {unknown}
 k - a potion of haste {unknown}
 l - 2 potions of brilliance {unknown}
 m - a potion of invisibility {unknown}
 n - 2 potions of curing {unknown}
 r - a potion of lignification {unknown}
 x - 4 potions of magic {unknown}
Comestibles
 b - 2 fruits
 d - 3 chunks of flesh
 f - 4 bread rations
 v - 2 meat rations


   Skills:
 - Level 3.6 Fighting
 + Level 9.1 Axes
 - Level 3.2 Armour
 - Level 3.2 Shields
 * Level 10.3 Invocations


You had 7 spell levels left.
You didn't know any spells.

Dungeon Overview and Level Annotations

Branches:
Dungeon (4/15)             Temple (0/1) D:4

Altars:
Ashenzari
Elyvilon
Gozag
Hepliaklqana
Kikubaaqudgha
Makhleb
Nemelex Xobeh
Okawaru
Qazlal
Ru
Uskayaw
Yredelemnul

Annotations:
D:4 Duvessa


Message History

You barely miss Duvessa.
Duvessa is heavily wounded.
Duvessa hits you with a short sword! x2
* * * LOW HITPOINT WARNING * * *
You can no longer pass through a line of other dancers.
You closely miss Duvessa.
Duvessa is heavily wounded.
You block Duvessa's attack.
You hit Duvessa.
Duvessa is severely wounded.
Duvessa hits you with a short sword.
* * * LOW HITPOINT WARNING * * *
Duvessa hits you with a short sword.
* * * LOW HITPOINT WARNING * * *
You stomp with the beat, sending a shockwave through the revelers around you!
Duvessa is almost dead.
You feel somewhat more hungry.
You can no longer stomp with the beat.
Duvessa hits you with a short sword.
You die...

#........# #........#
#........#####
####........##...
............รท'... #
#######.#...##...
#.###### ###.#...##...
#......####.......##...
#....@.'..........##.>.
##...)e####.......##...
#.....# #.......#####
#.....# #............
#.....# #######......
#...... #......
####.... #.[.... #.....
#...... #......


You could see Duvessa (berserk).

Vanquished Creatures
  Pikel (D:4)
  2 phantoms (D:4)
  An ogre (D:4)
  5 big kobolds (Sewer)
  Dowan (D:4)
  A bullfrog skeleton (D:4)
  An iguana (D:4)
  A worker ant (D:4)
  3 gnolls (D:2)
  3 river rats
  9 adders
  4 oozes
  4 worms
  4 dart slugs
  4 leopard geckos
  2 orcs (D:4)
  5 ball pythons
  4 giant cockroaches
  11 goblins
  6 hobgoblins
  11 kobolds
  5 quokkas
  A ball python skeleton (D:4)
  10 bats
  5 frilled lizards
  11 rats
115 creatures vanquished.

Vanquished Creatures (others)
  A slave (D:4)
  A phantom (D:4)
  2 adders (D:4)
  A dart slug (D:4)
  A giant cockroach (D:4)
6 creatures vanquished.

Grand Total: 121 creatures vanquished

Notes
Turn   | Place    | Note
-------+----------+-------------------------------------------
     0 | D:1      | HarleyQuinn the Hill Orc Fighter began the quest for the Orb.
     0 | D:1      | Reached XP level 1. HP: 19/19 MP: 1/1
     2 | D:1      | Noticed a demigod
     2 | D:1      | Noticed a vine stalker
     4 | D:1      | Noticed a felid
     4 | D:1      | Noticed a centaur
     6 | D:1      | Noticed a halfling
     8 | D:1      | Noticed a ghoul
     8 | D:1      | Noticed a merfolk
    10 | D:1      | Noticed a tengu
    12 | D:1      | Noticed an ogre
    12 | D:1      | Noticed a demonspawn
    14 | D:1      | Noticed a formicid
    14 | D:1      | Noticed an elf
    16 | D:1      | Noticed a dwarf
    16 | D:1      | Noticed a human
    18 | D:1      | Noticed an octopode
    18 | D:1      | Noticed a gargoyle
    20 | D:1      | Noticed a draconian
    22 | D:1      | Noticed a naga
    22 | D:1      | Noticed a vampire
    24 | D:1      | Noticed a spriggan
    26 | D:1      | Noticed a troll
    26 | D:1      | Noticed a minotaur
   232 | D:1      | Reached XP level 2. HP: 25/26 MP: 2/2
   622 | D:2      | Noticed a hand axe
   622 | D:2      | Noticed a dagger
   624 | D:2      | Found a hide-covered altar of Uskayaw.
   655 | D:2      | Reached XP level 3. HP: 23/31 MP: 3/3
   686 | D:2      | Reached skill level 5 in Axes
   935 | D:2      | Reached XP level 4. HP: 36/39 MP: 4/4
   943 | D:2      | Became a worshipper of Uskayaw the Reveler
   964 | D:2      | Reached * piety under Uskayaw
  1052 | D:2      | Reached skill level 1 in Invocations
  1649 | D:2      | Reached skill level 2 in Invocations
  1860 | D:3      | Reached ** piety under Uskayaw
  1976 | D:3      | Reached XP level 5. HP: 45/45 MP: 5/7
  2104 | D:3      | Reached skill level 3 in Invocations
  2117 | D:3      | Found a glowing drain.
  2121 | Sewer    | Entered a sewer
  2161 | Sewer    | Noticed a big kobold
  2175 | Sewer    | Reached *** piety under Uskayaw
  2181 | Sewer    | Killed a big kobold
  2181 | Sewer    | Reached skill level 4 in Invocations
  2379 | Sewer    | Reached XP level 6. HP: 51/51 MP: 9/9
  2457 | Sewer    | Reached skill level 5 in Invocations
  3021 | Sewer    | Reached skill level 6 in Invocations
  3021 | Sewer    | Reached XP level 7. HP: 54/57 MP: 11/11
  3803 | D:4      | Reached skill level 7 in Invocations
  3804 | D:4      | Found a white marble altar of Elyvilon.
  4150 | D:4      | Reached skill level 8 in Invocations
  4178 | D:4      | Noticed Pikel
  4195 | D:4      | Killed Pikel
  4195 | D:4      | Reached skill level 9 in Invocations
  4195 | D:4      | Reached XP level 8. HP: 23/64 MP: 10/15
  4401 | D:4      | Found a staircase to the Ecumenical Temple.
  4460 | D:4      | Reached skill level 10 in Invocations
  4507 | D:4      | Found an iron altar of Okawaru.
  4508 | D:4      | Found a sacrificial altar of Ru.
  4513 | D:4      | Found a hazy altar of Hepliaklqana.
  4514 | D:4      | Found an ancient bone altar of Kikubaaqudgha.
  4514 | D:4      | Found an opulent altar of Gozag.
  4514 | D:4      | Found a basalt altar of Yredelemnul.
  4514 | D:4      | Found a stormy altar of Qazlal.
  4516 | D:4      | Found a shattered altar of Ashenzari.
  4517 | D:4      | Found a burning altar of Makhleb.
  4541 | D:4      | Found a sparkling altar of Nemelex Xobeh.
  4634 | D:4      | Noticed Duvessa
  4634 | D:4      | Noticed Dowan
  4643 | D:4      | Killed Dowan
  4658 | D:4      | Slain by Duvessa

Vault maps used:
D:1:      kb_arrival_jail
D:2:      dancing_weapons_uskayaw, grunt_ministairs_9, kennysheep_nondescript
D:3:      gup_sewer_entry_bowl
D:4:      minmay_diamond_boxcup, minitemple, first_bread, uniq_pikel,
          uniq_duvessa
Sewer:    sewer_co_tree

Skill      XL: |  1  2  3  4  5  6  7  8 |
---------------+-------------------------+-----
Axes           | 3 4 5 6 7 8 9 |  9.1
Invocations    | 2 4 6 9 10 | 10.3
Fighting       | |  3.6
Armour         | |  3.2
Shields        | |  3.2

Action                   |  1- 3 |  4- 6 |  7- 9 || total
-------------------------+-------+-------+-------++-------
Melee: War axe           |    93 |   267 |   213 ||   573
Invok: Stomp             |       |     2 |     2 ||     4
       Line Pass         |       |       |     1 ||     1
  Use: Potion            |       |       |     2 ||     2
 Stab: Paralysed         |       |     1 |     4 ||     5
  Eat: Chunk             |       |     6 |     7 ||    13
       Pizza             |       |       |     1 ||     1
Armor: Scale mail        |    24 |       |       ||    24
       Chain mail        |    31 |   166 |   101 ||   298
Dodge: Dodged            |    17 |    64 |    35 ||   116
Block: Shield            |    51 |   133 |    84 ||   268
